 Dungeon Crawl Stone Soup version 0.29-a0-303-ge4682ce (webtiles) character file.

Game seed: 16419938950043218194

455 Ayyar the Covered (level 7, -3/44 HPs)
             Began as a Gargoyle Fighter on Mar 24, 2022.
             Was an Initiate of Okawaru.
             Slain by Pikel
             ... wielding a +1 whip of electrocution
              (8 damage)
             ... on level 4 of the Dungeon on Mar 25, 2022.
             The game lasted 00:11:37 (5008 turns).

Ayyar the Covered (Gargoyle Fighter)                Turns: 5008, Time: 00:11:37

Health: -3/44      AC: 14    Str: 22    XL:     7   Next: 5%
Magic:  7/7        EV:  9    Int:  8    God:    Okawaru [......]
Gold:   193        SH:  4    Dex:  9    Spells: 6/6 levels left

rFire   . . .      SeeInvis .   a - +0 flail
rCold   . . .      Faith    .   c - +0 buckler
rNeg    + . .      Spirit   .   b - +0 scale mail
rPois   ∞          Reflect  .   l - +0 helmet
rElec   +          Harm     .   q - +0 cloak
rCorr   +          Rampage  .   (no gloves)
Will    .....                   (no boots)
Stlth   ..........              (no amulet)
HPRegen 0.14/turn               e - +4 ring of protection
MPRegen 0.10/turn               r - ring of resist corrosion

@: mighty, corroded, attractive
A: sickness immunity, AC +4, negative energy resistance 1, electricity
resistance, torment resistance 1, petrification resistance
a: Renounce Religion


You were on level 4 of the Dungeon.
You worshipped Okawaru.
Okawaru was noncommittal.
You visited 2 branches of the dungeon, and saw 6 of its levels.

You collected 193 gold pieces.

Inventory:

Hand Weapons
 a - a +0 flail (weapon)
Armour
 b - a +0 scale mail (worn)
 c - a +0 buckler (worn)
 l - a +0 helmet (worn)
 q - a +0 cloak (worn)
Jewellery
 e - a +4 ring of protection (left hand)
 j - an amulet of faith
 r - a ring of resist corrosion (right hand)
Wands
 v - a wand of acid (4)
Scrolls
 g - 3 scrolls of holy word {unknown}
 i - 3 scrolls of identify {unknown}
 k - a scroll of silence {unknown}
 n - a scroll of enchant weapon {unknown}
 o - a scroll of noise {unknown}
 p - 3 scrolls of magic mapping {unknown}
 s - a scroll of teleportation {unknown}
 u - a scroll of immolation {unknown}
Potions
 f - a potion of heal wounds {unknown}
 h - 2 potions of attraction
 m - 3 potions of curing
 t - a potion of resistance {unknown}


   Skills:
 + Level 4.8 Fighting
 * Level 4.5 Maces & Flails
 + Level 4.9 Armour
 + Level 4.9 Shields
 + Level 0.0 Invocations
 + Level 0.0 Evocations


You had 6 spell levels left.
You didn't know any spells.
Your spell library contained the following spells:

 Spells                   Type           Power      Damage    Failure   Level
 Corpse Rot               Necr/Air       0%         N/A       91%         2
 Frozen Ramparts          Ice            0%         1d2       99%         3
 Dispel Undead            Necr           0%         3d6       100%        4
 Ice Form                 Ice/Tmut       0%         N/A       100%        4
 Passage of Golubria      Tloc           0%         N/A       100%        4
 Yara's Violent Unravell  Hex/Tmut       0%         3d3       100%        5
 Summon Small Mammal      Summ           Unusable   N/A       N/A         1
 Call Canine Familiar     Summ           Unusable   N/A       N/A         3
 Summon Guardian Golem    Hex/Summ       Unusable   N/A       N/A         3
 Tukima's Dance           Hex            Unusable   N/A       N/A         3
 Summon Ice Beast         Ice/Summ       Unusable   N/A       N/A         4
 Death Channel            Necr           Unusable   N/A       N/A         6

Dungeon Overview and Level Annotations

Branches:
Dungeon (5/15)             Temple (1/1) D:4

Altars:
Dithmenos
Elyvilon
Fedhas
Gozag
Kikubaaqudgha
Makhleb
Nemelex Xobeh
Okawaru
Qazlal
Trog
Uskayaw
Wu Jian
Zin

Annotations:
D:4 Pikel
D:5 1 runed translucent door


Innate Abilities, Weirdness & Mutations

You are immune to sickness and miasma.
Your stone body is resilient. (AC +4)
You are immune to poison.
You resist negative energy. (rN+)
You are resistant to electric shocks. (rElec)
You are resistant to unholy torment.
You are immune to petrification.


Message History

There is a stone staircase leading up here.
Pikel barely misses you. The lemure hits you.
The lemure hits you but does no damage.
You climb upwards.
There is a stone staircase leading down here.
The lemure misses you.
You closely miss the lemure. You barely miss Pikel.
The lemure completely misses you.
Pikel zaps a wand.
The bolt of acid hits you! You resist. The acid corrodes you!
You closely miss Pikel. The lemure hits you. Pikel hits you but does no damage.
The lemure hits you but does no damage. Pikel hits you but does no damage.
You barely miss Pikel. The lemure hits you but does no damage.
Pikel hits you with a +1 whip of electrocution.
It was a potion of curing.
You feel better. The lemure barely misses you.
Pikel hits you with a +1 whip of electrocution.
You sock the lemure!
The lemure is heavily wounded.
The lemure barely misses you.
Pikel zaps a wand.
The bolt of acid hits you. You resist.
You hit the lemure.
The lemure is heavily wounded.
The lemure hits you but does no damage. You block Pikel's attack.
You hit the lemure.
The lemure is severely wounded.
The lemure hits you but does no damage.
Pikel zaps a wand.
The bolt of acid hits you! You resist.
* * * LOW HITPOINT WARNING * * *
You hit the lemure.
The lemure is almost dead.
The lemure hits you but does no damage.
Pikel hits you with a +1 whip of electrocution.
* * * LOW HITPOINT WARNING * * *
The lemure hits you but does no damage.
Pikel hits you with a +1 whip of electrocution.
* * * LOW HITPOINT WARNING * * *
It was a potion of attraction.
You feel attractive to monsters. The lemure hits you but does no damage.
Pikel hits you with a +1 whip of electrocution!
You die...

#.#.# #.# #.#.###.# #.#.#.#.#
######### ##.#...#.########
#.......#
................###.#####.#
##.#<.................#.#.#
##.#.#.########.........#.#
.#.#.#........#.###.#.#.#.#
.'..............@K5.....#.#
.#.#######.##.#.5#..###.#.#######
##.........##.#..#..#............
###.#####..##'#..#..#####.#######
###.# #..#.....#..#.....# '_'.#
#..#.....#..#.########### #####
#..#<....#..#............ #.#
#..#.....#..#..#########. #.#
#..#...................#.


You could see Pikel and 2 lemures.

Vanquished Creatures
  A lemure (D:4)
  A scorpion (D:4)
  An oklob sapling (D:4)
  3 hounds
  Jessica (D:2)
  Robin (D:2)
  2 adders (D:4)
  10 gnolls
  An ufetubus (D:4)
  2 worms (D:2)
  3 dart slugs
  2 orcs
  7 ball pythons
  7 endoplasms
  2 giant cockroaches
  16 goblins
  14 hobgoblins
  3 jackals (D:2)
  4 quokkas
  3 bats
  4 frilled lizards
  4 kobolds
  10 rats
102 creatures vanquished.

Vanquished Creatures (others)
  A plant (D:4)
1 creature vanquished.

Grand Total: 103 creatures vanquished

Notes
Turn   | Place    | Note
-------+----------+-------------------------------------------
     0 | D:1      | Ayyar the Gargoyle Fighter began the quest for the Orb.
     0 | D:1      | Reached XP level 1. HP: 14/14 MP: 1/1
   259 | D:1      | Reached XP level 2. HP: 9/19 MP: 2/2
  1273 | D:1      | You fall into a shaft and drop 1 floor!
  1285 | D:2      | Found a bloodstained altar of Trog.
  1354 | D:2      | Reached XP level 3. HP: 23/23 MP: 3/3
  1374 | D:2      | Noticed Robin
  1416 | D:2      | Killed Robin
  1789 | D:2      | Reached XP level 4. HP: 29/29 MP: 4/4
  1806 | D:2      | Noticed Jessica
  1813 | D:2      | Killed Jessica
  2812 | D:3      | Found a blossoming altar of Fedhas.
  2943 | D:3      | Found a faded altar of an unknown god.
  2965 | D:3      | Reached XP level 5. HP: 33/33 MP: 5/5
  3335 | D:3      | Found an opulent altar of Gozag.
  3541 | D:4      | Reached XP level 6. HP: 37/39 MP: 6/6
  3650 | D:4      | Found a sparkling altar of Nemelex Xobeh.
  4200 | D:4      | Found a staircase to the Ecumenical Temple.
  4219 | Temple   | Entered the Ecumenical Temple
  4593 | Temple   | Became a worshipper of Warmaster Okawaru
  4703 | D:4      | Reached XP level 7. HP: 36/44 MP: 7/7
  4917 | D:4      | Upgraded the game from 0.29-a0-299-g4c793a2 to
                  | 0.29-a0-303-ge4682ce
  4932 | D:5      | Entered Level 5 of the Dungeon
  4932 | D:5      | Noticed Pikel
  4932 | D:5      | Found a runed translucent door.
  5008 | D:4      | Slain by Pikel

Illustrated notes

Levels and vault maps discovered:
D:1:      wander_arrival_desolate, layout_basic
D:2:      layout_loops_corners, basic_altar,
          nicolae_concentric_dashed_squares_wild, amethyst_killhole,
          uniq_jessica, uniq_robin
D:3:      layout_loops_ring, fedhas_altar_1, lemuel_coloured_pillars_altar,
          ebering_ecumenical_altar_webs, minmay_goblin_outpost
D:4:      layout_basic, kennysheep_mini, minmay_temple_entry_oklob
D:5:      layout_loops_ring, mainiacjoe_overflow_alcove_2,
          yredelemnul_altar_generic, lemuel_doored_altar, ebering_ghost_sewer_f,
          uniq_ijyb, uniq_sigmund, uniq_pikel, uniq_menkaure
Temple:   compressed_dpeg_triangle_lava_temple

Skill      XL: |  1  2  3  4  5  6 |
---------------+-------------------+-----
Fighting       | 4 |  4.8
Armour         | 4 |  4.9
Shields        | 4 |  4.9
Maces & Flails | 3 4 |  4.5

Action                   |  1- 3 |  4- 6 |  7- 9 || total
-------------------------+-------+-------+-------++-------
Melee: Flail             |   116 |   209 |    30 ||   355
  Use: Potion            |       |       |     3 ||     3
Armor: Scale mail        |    66 |   144 |    22 ||   232
Dodge: Dodged            |    66 |   127 |    13 ||   206
Block: Buckler           |    35 |    60 |     6 ||   101

Table legend: (Time is in decaauts)
 A = Elapsed time spent in this place.
 B = Non-inter-level travel time spent in this place.
 C = Inter-level travel time spent in this place.
 D = Time resting spent in this place.
 E = Time spent auto-exploring this place.
 F = Levels seen in this place.
 G = Mean time per level.
                   A        B        C        D        E       F      G
               +--------+--------+--------+--------+--------+-----+--------+
         Total |   5111 |   4914 |    197 |    261 |   3816 |   6 |  851.8 |
       Dungeon |   4725 |   4538 |    187 |    253 |   3479 |   5 |  945.0 |
        Temple |    385 |    375 |     10 |      8 |    337 |   1 |  385.0 |
               +--------+--------+--------+--------+--------+-----+--------+

Top non-repeatable levels by time:
     D:2: 1374 daAuts
     D:1: 1327 daAuts
     D:4: 1119 daAuts
     D:3: 898 daAuts
  Temple: 385 daAuts
     D:5: 5 daAuts
